 Dungeon Crawl Stone Soup version 0.31-a0-620-gd1cbd99268 (webtiles) character file.

Game seed: 10406481806935865302

112588 mdonais the Arsonist (level 16, -13/108 HPs)
             Began as an Octopode Reaver on Aug 22, 2023.
             Was the Champion of Lugonu.
             Mangled by a tentacle (15 damage)
             ... attached to a kraken
             ... on level 2 of the Shoals on Aug 23, 2023.
             The game lasted 02:19:47 (30523 turns).

mdonais the Arsonist (Octopode Reaver)             Turns: 30523, Time: 02:19:48

Health: -13/108    AC:  8    Str: 11      XL:     16   Next: 60%
Magic:  30/30      EV: 18    Int: 26 (27) God:    Lugonu [******]
Gold:   1987       SH:  9    Dex: 19      Spells: 12/35 levels left

rFire   + + +        i - +3 Elemental Staff {ele, rElec rF+ rC+ AC+3}
rCold   + + .        k - +3 buckler
rNeg    + . .        (helmet restricted)
rPois   .            h - amulet of magic regeneration
rElec   +            e - +4 ring of protection
rCorr   .            s - ring of Miohiorgh {rF+ Dex+6 Slay+5}
SInv    .            f - ring of protection from fire
Will    +....        U - ring of positive energy
Stlth   +++++        c - ring of protection from cold
HPRegen 0.38/turn    m - +6 ring of intelligence
MPRegen 0.62/turn    (no ring)
                     (no ring)

%: no passive effects
@: no status effects
A: almost no armour, amphibious, 8 rings, camouflage 1, gelatinous body 1,
(nimble swimmer 1), tentacles, deterioration 1
a: Renounce Religion, Depart the Abyss, Banish, Corrupt, Enter the Abyss, Brand
Weapon With Distortion


You were on level 2 of the Shoals.
You worshipped Lugonu.
Lugonu was exalted by your worship.
You visited 5 branches of the dungeon, and saw 25 of its levels.
You also visited: Ossuary and Gauntlet.

You collected 1987 gold pieces.

Inventory:

Hand Weapons
 b - the +27 heavy crossbow "Sniper" {heavy, Acc+∞ SInv}
   (You found it on level 14 of the Dungeon)

   Acc+∞: It never misses its target.
   SInv:      It lets you see invisible.
 i - the +3 Elemental Staff (weapon) {ele, rElec rF+ rC+ AC+3}
   (You acquired it on level 3 of the Dungeon)

   AC+3:      It affects your AC (+3).
   rF+:       It protects you from fire.
   rC+:       It protects you from cold.
   rElec:     It insulates you from electricity.
Missiles
 v - 4 javelins
 F - 13 curare-tipped darts
 Z - 3 throwing nets {=!f}
Armour
 k - a +3 buckler (worn)
   (You found it on level 2 of the Dungeon)
Jewellery
 c - a ring of protection from cold (on tentacle)
   (You found it on level 11 of the Dungeon)
 e - a +4 ring of protection (left tentacle)
   (You found it on level 1 of the Dungeon)
 f - a ring of protection from fire (on tentacle)
   (You found it on level 6 of the Dungeon)
 g - the amulet of Suiqearch {Regen+ Int+5 Dex+3}
   (You found it in a Gauntlet)

   [amulet of regeneration]

   Int+5:     It affects your intelligence (+5).
   Dex+3:     It affects your dexterity (+3).
   Regen+:    It increases your rate of health regeneration.
 h - an amulet of magic regeneration (around mantle)
   (You took it off a kobold on level 1 of the Dungeon)
 m - a +6 ring of intelligence (on tentacle)
   (You found it on level 13 of the Dungeon)
 s - the ring of Miohiorgh (right tentacle) {rF+ Dex+6 Slay+5}
   (You found it on level 4 of the Dungeon)

   [ring of dexterity]

   Dex+6:     It affects your dexterity (+6).
   Slay+5:    It affects your accuracy & damage with ranged weapons and melee
   (+5).
   rF+:       It protects you from fire.
 U - a ring of positive energy (on tentacle)
   (You found it on level 11 of the Dungeon)
Talismans
 X - a granite talisman
   (You found it on level 5 of the Lair of Beasts)
Wands
 o - a wand of roots (18)
   (You found it on level 3 of the Dungeon)
 r - a wand of polymorph (4)
   (You found it in a Gauntlet)
 L - a wand of mindburst (7)
   (You found it on level 15 of the Dungeon)
 O - a wand of quicksilver (6) (quivered)
   (You found it on level 5 of the Lair of Beasts)
 P - a wand of paralysis (29)
   (You found it on level 9 of the Dungeon)
 V - a wand of flame (38)
   (You found it on level 10 of the Dungeon)
Scrolls
 p - a scroll of summoning
 q - 8 scrolls of immolation
 t - a scroll of amnesia
 y - 3 scrolls of fog
 I - a scroll of revelation
 J - 4 scrolls of poison
 K - 3 scrolls of vulnerability {unknown}
 M - 3 scrolls of noise {unknown}
 N - 2 scrolls of fear
 T - 7 scrolls of teleportation
 W - 2 scrolls of enchant armour
Potions
 a - 3 potions of brilliance
 d - 4 potions of heal wounds
 l - a potion of lignification
 n - 3 potions of magic
 u - 3 potions of might
 w - 2 potions of cancellation
 x - 2 potions of resistance
 z - a potion of ambrosia
 A - 3 potions of invisibility {unknown}
 C - 3 potions of mutation {unknown}
 D - 5 potions of enlightenment
 G - 3 potions of degeneration {unknown}
 H - a potion of haste
 Q - 3 potions of curing
 S - a potion of attraction
Miscellaneous
 j - a lightning rod (4/4)
   (You found it in a Gauntlet)
 Y - a tin of tremorstones (2/2)
   (You found it in a Gauntlet)


   Skills:
 - Level 9.0 Fighting
 - Level 3.0 Short Blades
 - Level 7.0 Staves
 + Level 8.6 Dodging
 - Level 7.0 Stealth
 - Level 5.0 Shields
 + Level 10.4 Spellcasting
 - Level 9.4 Conjurations
 - Level 2.0 Translocations
 + Level 12.3 Fire Magic
 - Level 12.0 Air Magic
 - Level 11.0 Invocations
 + Level 8.6 Evocations


You had 12 spell levels left.
You knew the following spells:

 Your Spells              Type           Power      Damage    Failure   Level
a - Plasma Beam           Fire/Air       53%        2x1d68    6%          6
b - Momentum Strike       Conj/Tloc      86%        3d10      1%          2
c - Flame Wave            Conj/Fire      81%        2d18      1%          4
d - Fireball              Conj/Fire      40%        3d16      1%          5
e - Kiss of Death         Conj/Necr      100%       2d13      1%          1
f - Blink                 Tloc           46%        N/A       4%          2
g - Swiftness             Air            85%        N/A       1%          3

Your spell library contained the following spells:

 Spells                   Type           Power      Damage    Failure   Level
 Magic Dart               Conj           100%       1d8       1%          1
 Shock                    Conj/Air       100%       1d9       1%          1
 Inner Flame              Hex/Fire       62%        N/A       1%          3
 Mephitic Cloud           Conj/Pois/Air  66%        N/A       1%          3
 Vhi's Electric Charge    Tloc/Air       100%       N/A       1%          3
 Airstrike                Air            42%        2d(7-23)  1%          4
 Sticky Flame             Conj/Fire      81%        2d9       1%          4
 Arcjolt                  Conj/Air       40%        1d50      1%          5
 Apportation              Tloc           46%        N/A       2%          1
 Hailstorm                Conj/Ice       55%        3d12      2%          3
 Ignite Poison            Fire/Tmut/Pois 51%        N/A       3%          3
 Iskenderun's Battlesphe  Conj           58%        2d11      3%          5
 Lesser Beckoning         Tloc           46%        N/A       4%          2
 Necrotise                Necr           52%        1d6       6%          1
 Slow                     Hex            52%        N/A       6%          1
 Call Imp                 Summ           26%        N/A       9%          2
 Ensorcelled Hibernation  Hex/Ice        40%        N/A       9%          2
 Sublimation of Blood     Necr           13%        N/A       9%          2
 Wereblood                Tmut           13%        N/A       9%          2
 Conjure Ball Lightning   Conj/Air       40%        3x3d13    11%         6
 Confusing Touch          Hex            13%        N/A       19%         3
 Vampiric Draining        Necr           13%        2d6       19%         3
 Manifold Assault         Tloc           23%        N/A       26%         4
 Anguish                  Hex/Necr       6%         N/A       52%         4
 Orb of Destruction       Conj           29%        9d9       71%         7
 Summon Forest            Summ/Tloc      9%         N/A       73%         5
 Leda's Unmaking          Conj/Erth      27%        9d5       78%         6
 Agony                    Necr           13%        N/A       86%         5
 Alistair's Intoxication  Tmut/Pois      8%         N/A       86%         5
 Ignition                 Fire           43%        3d12      94%         8
 Death Channel            Necr           6%         N/A       100%        6
 Eringya's Noxious Bog    Tmut/Pois      6%         4d6       100%        6
 Summon Cactus Giant      Summ           6%         N/A       100%        6
 Spellforged Servitor     Conj/Summ      19%        N/A       100%        7
 Summon Hydra             Summ           6%         N/A       100%        7


Dungeon Overview and Level Annotations

Branches:
Dungeon (15/15) Zot: 24217  Temple (1/1) D:7 Zot: 5998    Lair (5/5) D:8 Zot: 20637
 Shoals (2/4) Lair:3 Zot: 10751   Snake (0/4) Lair:3        Slime (0/5) Lair:4
    Orc (2/2) D:9 Zot: 9780     Elf (0/3) Orc:2        Vaults (0/5) D:14
 Depths (0/4) D:15        Ossuary (visited)         Gauntlet (visited)

Altars:
Ashenzari
Cheibriados
Dithmenos
Elyvilon
Fedhas
Gozag
Hepliaklqana
Kikubaaqudgha
Makhleb
Nemelex Xobeh
Okawaru
Qazlal
Ru
Sif Muna
Trog
Uskayaw
Vehumet
Wu Jian
Xom
Yredelemnul
Zin
The Shining One
Lugonu

Shops:
D:11 (   Orc:2 ((([   Shoals:1 ::

Annotations:
D:4 dig cash
D:5 3 runed translucent doors, hotbaconsauce's ghost, amateur MiFi
D:12 dig
D:14 2 transporters, exclusion: orange crystal statue
Shoals:2 Polyphemus


Innate Abilities, Weirdness & Mutations

You cannot wear most types of armour.
You are amphibious.
You can wear up to eight rings at the same time.
Your skin changes colour to match your surroundings (Stealth+).
Your rubbery body absorbs attacks. (AC +1, EV +1)
((You are camouflaged when in or above water. (Stealth+)))
You have tentacles for arms and can constrict up to eight enemies at once.
Your body sometimes deteriorates upon taking damage.


Message History

You climb downwards.
You feel a wave of frost pass over you.
There is an entrance to an ice cave on this level.
Hurry and find it before the portal melts!
Level annotation: Polyphemus
Found a morningstar and a trident.
Found a stone staircase leading down.
There is a stone staircase leading up here.
Unknown command.
Unknown command.
Casting: Plasma Beam (dangerous; 6% risk of failure)
Confirm with . or Enter, or press ? or * to list all spells.
Casting: Plasma Beam (dangerous; 6% risk of failure)
Press: ? - help, Dir - look around, f - activate You feel a strong surge of power!
The bolt of lightning hits the harpy!
The harpy is lightly wounded.
The harpy screeches!
The fiery plasma misses the harpy.
The harpy screeches!
You hear a bleat!
You hear an angry hiss.
You hear a shout!
The harpy is engulfed in a cloud of scalding steam.
A harpy comes into view.
The harpy is engulfed in a cloud of scalding steam.
A sea snake comes into view.
The harpy screeches!
You now have 10/30 mp.
Casting: Plasma Beam (dangerous; 6% risk of failure)
Confirm with . or Enter, or press ? or * to list all spells.
Casting: Plasma Beam (dangerous; 6% risk of failure)
Press: ? - help, Dir - look around, f - activate You feel a strong surge of power!
The bolt of lightning hits the sea snake!!!
The sea snake is almost dead.
Lugonu accepts your kill.
You feel a bit more experienced.
The harpy screeches!
You hear a bellow!
The harpy completely misses you. You block the harpy's attack.
The harpy is engulfed in a cloud of scalding steam.
A catoblepas comes into view.
The harpy is engulfed in a cloud of scalding steam.
You now have 4/30 mp.
Casting: Plasma Beam (dangerous; 6% risk of failure)
Confirm with . or Enter, or press ? or * to list all spells.
You don't have enough magic to cast this spell.
Unknown command.
Okay, then.
Unknown command.
The catoblepas breathes a plume of calcifying dust at you.
The blast of calcifying dust hits you but does no damage.
You climb upwards.
There is a stone staircase leading down here.
Unknown command.
You feel yourself slow down.
Unknown command.
You enter the shallow water.
You enter the shallow water.
You enter the shallow water.
There is a stone staircase leading down here.
You regained 13 hp, and now have 73/108 hp.
You regained 22 mp, and now have 27/30 mp.
You climb downwards.
You feel a wave of frost pass over you.
There is an entrance to an ice cave on this level.
Hurry and find it before the portal melts!
Level annotation: Polyphemus You hear the faint crackling of a very distant melting archway.
There is a stone staircase leading up here.
You regained 2 mp, and now have 29/30 mp.
Unknown command.
Casting: Plasma Beam (dangerous; 6% risk of failure)
Confirm with . or Enter, or press ? or * to list all spells.
Casting: Plasma Beam (dangerous; 6% risk of failure)
Press: ? - help, Dir - look around, f - activate You feel a strong surge of power!
The bolt of lightning misses the merfolk impaler.
The bolt of lightning hits the death yak!
The death yak is lightly wounded.
The fiery plasma hits the merfolk impaler!
The merfolk impaler is moderately wounded.
The fiery plasma hits the death yak!!!
The death yak is almost dead.
You hear a bellow!
You hear a bleat!
You hear a shout!
The death yak is engulfed in a cloud of scalding steam.
The merfolk impaler hits you from afar with a +2 heavy trident!!
You take 34 damage, and have 40/108 hp.
MASSIVE DAMAGE!!
You now have 23/30 mp.
Casting: Plasma Beam (dangerous; 6% risk of failure)
Confirm with . or Enter, or press ? or * to list all spells.
Casting: Plasma Beam (dangerous; 6% risk of failure)
Press: ? - help, Dir - look around, f - activate You feel a strong surge of power!
The bolt of lightning misses the merfolk impaler.
The bolt of lightning hits the death yak!!!
You kill the death yak!
Lugonu accepts your kill.
The fiery plasma hits the merfolk impaler!!
The merfolk impaler is severely wounded.
You hear a bellow!
You hear a bleat! x3
The merfolk impaler hits you from afar with a +2 heavy trident!
* * * LOW HITPOINT WARNING * * *
Tentacles burst out of the water! 4 tentacles come into view.
You take 14 damage, and have 26/108 hp.
You now have 18/30 mp.
The tentacle slaps you!
* * * LOW HITPOINT WARNING * * *
You block the merfolk impaler's attack.
You climb upwards.
There is a stone staircase leading down here.
You take 12 damage, and have 14/108 hp.
You enter the shallow water.
Magic restored.
You enter the shallow water.
You enter the shallow water.
There is a stone staircase leading down here.
You regained 15 hp, and now have 29/108 hp.
MP restored: 30 Welcome back, mdonais the Octopode Reaver.
Lugonu says: Spread carnage and corruption!
Press ? for a list of commands and other information.
You start resting.
HP restored.
Health restored: 108 Done exploring.
Unknown command.
You enter the shallow water.
You enter the shallow water.
You enter the shallow water.
You enter the shallow water.
There is a stone staircase leading down here.
You climb downwards.
You feel a wave of frost pass over you.
There is an entrance to an ice cave on this level.
Hurry and find it before the portal melts!
Level annotation: Polyphemus You hear the steady crackling of a very distant melting archway.
You block the tentacle's attack. The tentacle closely misses you.
You block the tentacle's attack. The tentacle slaps you!
A tentacle segment bursts forth from the water.
The tentacle slaps you!! The tentacle slaps you. The tentacle slaps you!
The tentacle slaps you but does no damage.
The tentacle closely misses you. You block the tentacle's attack.
The tentacle slaps you! The tentacle barely misses you.
There is a stone staircase leading up, spattered with blood here.
You take 60 damage, and have 48/108 hp.
MASSIVE DAMAGE!!
The tentacle slaps you but does no damage.
The tentacle slaps you. The tentacle slaps you!
Your body deteriorates!
You feel dopey. You block the tentacle's attack. The tentacle slaps you!
* * * LOW HITPOINT WARNING * * *
The tentacle slaps you.
* * * LOW HITPOINT WARNING * * *
The tentacle slaps you!
* * * LOW HITPOINT WARNING * * *
The tentacle slaps you!
You die...

~~~~~~~~~~~~~~~~~~~,###.....~~~^,
§~~~~~~~~~~~~~~~~~Y.....~~~~~~~.*
P~~~~~~~≈≈≈≈≈≈≈÷~~.....~~~~~~~~#*
.~~~~~≈≈≈≈≈≈≈≈≈~÷..#**..~~~~~~~.,
~~)~~≈≈≈≈≈≈≈≈≈~~~.#* *#.~~~~~~~~~
~~~~~≈≈≈≈≈≈≈≈≈~~.#* *,.~~~~~~~~~
~~~~≈≈≈≈≈≈≈≈≈≈÷~Y# **#.~.~~~~~~
~§~~≈≈≈≈≈≈≈≈≈≈~~.#######.~~~~~≈≈~
~~~~≈≈≈≈≈≈≈≈≈≈~w@.#####..~~~~≈≈≈~
~~~~≈≈≈≈≈≈≈≈≈≈~www....#..~~~≈≈≈≈~
~~~≈≈≈≈≈≈≈≈≈≈≈X~~~###....~~≈≈≈≈≈≈
~~~w≈≈≈≈≈≈≈≈≈≈≈~~.##.....~~≈≈≈≈≈≈
~~≈≈≈≈≈≈≈≈≈≈≈≈≈~~~......~~~≈≈≈≈≈≈
~≈≈≈≈≈≈≈≈≈≈≈≈≈≈~~~~~...~~~~≈≈≈≈≈≈
≈≈≈≈≈≈≈≈≈≈≈≈≈≈≈≈~~~~~~~~~~≈≈≈≈≈≈≈
≈≈≈≈≈≈≈≈≈≈≈≈≈≈(≈≈~~~C~~~~≈≈≈≈≈≈≈≈
~≈≈≈≈≈≈≈≈≈≈≈≈≈≈≈≈≈≈≈≈≈≈≈≈≈≈≈≈≈C≈≈


You could see a kraken, Polyphemus, 2 death yaks and 4 tentacles.

Vanquished Creatures
  Jorgrun (D:15)
  A frost giant (D:13)
  An ironbound preserver (D:14)
  Nessos (D:12)
  A dire elephant (Lair:5)
  A minotaur (Gauntlet)
  Snorg (Orc:1)
  A great orb of eyes (Gauntlet)
  2 catoblepae
  2 death knights (D:15)
  6 hydras
  A merfolk avatar (Shoals:1)
  6 centaur warriors
  An ogre mage (D:15)
  7 two-headed ogres
  5 boulder beetles
  A tengu warrior (D:14)
  17 death yaks
  A spectral dire elephant (Lair:5)
  5 orc high priests (Orc:2)
  2 skysharks
  Sonja (Orc:1)
  4 sea snakes
  2 spectral death yaks (Lair:5)
  A spectral anaconda (Lair:5)
  4 skeletal warriors (D:14)
  An obsidian statue (Lair:5)
  A wizard (D:15)
  5 deep elf pyromancers
  A wolf spider zombie (D:15)
  4 necromancers
  3 orc sorcerers
  3 harpies (Shoals:1)
  2 phantasmal warriors (D:15)
  16 ugly things
  3 manticores
  6 cyclopes
  12 elephants
  2 merfolk sirens
  2 black mambas (Lair:4)
  A torpor snail (Lair:3)
  2 water nymphs
  Jeremiah (D:8)
  A smoke demon (Gauntlet)
  2 gargoyles
  Maggie (D:8)
  7 cane toads
  A centaur skeleton (D:15)
  2 unseen horrors (D:12)
  5 freezing wraiths
  A kobold demonologist (D:12)
  3 efreet
  9 komodo dragons
  A tengu conjurer (D:13)
  5 trolls
  A merfolk (Shoals:2)
  3 meliai (D:15)
  A wind drake (Shoals:1)
  Prince Ribbit (D:5)
  A polar bear (Lair:3)
  A wolf spider simulacrum (D:15)
  26 blink frogs
  4 hornets
  9 dream sheep
  3 spectral elephants (Lair:5)
  2 snapping turtles (Shoals:1)
  A spriggan (Lair:3)
  11 slime creatures
  A shadow (D:11)
  A dire elephant simulacrum (Lair:5)
  Sigmund (D:5)
  4 wyverns
  38 yaks
  5 wraiths
  2 basilisks
  5 humans (D:8)
  A steam dragon (Lair:2)
  7 vampire mosquitoes
  A death yak simulacrum (Lair:5)
  8 wargs
  2 acid dragons
  20 water moccasins
  3 ice beasts (D:5)
  2 sky beasts
  10 orc warriors
  3 black bears
  An elephant zombie (Lair:5)
  6 ogres
  6 wolves
  9 centaurs
  2 elephant skeletons (Lair:5)
  A phantom (D:5)
  2 kobold brigands (D:12)
  11 bullfrogs
  A gnoll sergeant (D:9)
  An elf zombie (Ossuary)
  3 scorpions
  2 cane toad simulacra (Lair:5)
  5 wights (D:8)
  5 killer bees (D:7)
  6 electric eels (D:10)
  A howler monkey (D:9)
  2 crimson imps (Gauntlet)
  2 hounds
  A human zombie (Ossuary)
  2 centaur zombies
  A jelly (D:8)
  38 orc priests
  A sleepcap (D:8)
  Terence (D:3)
  3 iguanas
  25 orc wizards
  3 mummies
  13 gnolls
  8 adders
  A white imp (D:5)
  An adder zombie (Ossuary)
  4 worms
  89 orcs
  9 bats
  11 endoplasms
  8 giant cockroaches
  7 goblins
  12 hobgoblins
  4 jackals (D:3)
  13 kobolds
  7 quokkas
  9 ball pythons
  4 frilled lizards
  3 goblin zombies (Ossuary)
  7 hobgoblin zombies (Ossuary)
  A jackal zombie (Ossuary)
  10 kobold zombies (Ossuary)
  9 orc zombies (Ossuary)
  8 rats
  2 rat zombies (Ossuary)
  A butterfly (D:7)
  A tentacle (Shoals:2)
740 creatures vanquished.

Vanquished Creatures (collateral kills)
  A gnoll (D:4)
1 creature vanquished.

Vanquished Creatures (others)
  23 tentacles (Shoals:2)
23 creatures vanquished.

Grand Total: 764 creatures vanquished

Notes
Turn   | Place    | Note
-------+----------+-------------------------------------------
     0 | D:1      | mdonais the Octopode Reaver began the quest for the Orb.
     0 | D:1      | Reached XP level 1. HP: 14/14 MP: 3/3
    52 | D:1      | Reached skill level 1 in Stealth
    68 | D:1      | Reached XP level 2. HP: 17/19 MP: 5/5
   413 | D:1      | Reached XP level 3. HP: 25/25 MP: 6/6
   448 | D:1      | Learned a level 2 spell: Momentum Strike
   923 | D:2      | Found a faded altar of an unknown god.
   931 | D:2      | Prayed at the altar of an unknown god.
   931 | D:2      | Became a worshipper of Lugonu the Unformed
   931 | D:2      | Reached * piety under Lugonu
  1366 | D:2      | Reached skill level 1 in Translocations
  1472 | D:2      | Reached XP level 4. HP: 31/31 MP: 7/7
  1863 | D:3      | Reached skill level 1 in Shields
  2062 | D:3      | Reached XP level 5. HP: 32/36 MP: 8/8
  2088 | D:3      | Reached ** piety under Lugonu
  2185 | D:3      | Identified a scroll of acquirement
  2186 | D:3      | Acquired the +3 Elemental Staff {ele, rElec rF+ rC+ AC+3}
  2186 | D:3      | Found the +3 Elemental Staff {ele, rElec rF+ rC+ AC+3}
  2320 | D:3      | Noticed Terence
  2644 | D:3      | Reached skill level 1 in Staves
  2647 | D:3      | Reached skill level 1 in Evocations
  2810 | D:3      | Found a snail-covered altar of Cheibriados.
  3053 | D:4      | Noticed a black bear
  3056 | D:4      | Reached XP level 6. HP: 42/42 MP: 9/9
  3135 | D:4      | Identified the ring of Miohiorgh {rF+ Dex+6 Slay+5}
  3160 | D:4      | You fall into a shaft and drop 1 floor!
  3160 | D:5      | Entered Level 5 of the Dungeon
  3176 | D:5      | Found a sand-covered staircase.
  3180 | Ossuary  | Entered an ossuary
  3338 | Ossuary  | Reached *** piety under Lugonu
  3710 | D:4      | Reached XP level 7. HP: 38/46 MP: 10/10
  3795 | D:4      | Found a glowing silver altar of Zin.
  3982 | D:4      | Reached skill level 5 in Staves
  4286 | D:5      | Reached XP level 8. HP: 54/54 MP: 11/11
  4302 | D:5      | Found a runed translucent gate.
  4303 | D:5      | Found a runed translucent gate.
  4304 | D:5      | Found a runed translucent gate.
  4305 | D:5      | Noticed hotbaconsauce's ghost (amateur MiFi)
  4306 | D:5      | Noticed Prince Ribbit
  4317 | D:5      | Killed Prince Ribbit
  4334 | D:5      | Identified the +8 chain mail of Calculation {rPois}
  4350 | D:5      | Identified the +2 chain mail of Kanterr {rN+ SInv}
  4560 | D:5      | Reached **** piety under Lugonu
  4570 | D:5      | Reached skill level 5 in Fighting
  4642 | D:5      | Noticed Sigmund
  4886 | D:3      | Killed Terence
  5140 | D:6      | Found a broken altar of Ashenzari.
  5303 | D:6      | Found a sacrificial altar of Ru.
  5339 | D:6      | Reached XP level 9. HP: 61/61 MP: 12/12
  5496 | D:6      | Noticed a hornet
  5503 | D:6      | Killed a hornet
  5762 | D:7      | Reached skill level 5 in Evocations
  6058 | D:7      | Reached skill level 5 in Invocations
  6103 | D:7      | Identified the +6 scimitar of the Oracle {flame, rF- rN+++
                  | Str+6 Int+2}
  6330 | D:7      | Found a staircase to the Ecumenical Temple.
  6350 | Temple   | Entered the Ecumenical Temple
  6379 | D:7      | Reached skill level 5 in Dodging
  6507 | D:7      | Reached XP level 10. HP: 63/68 MP: 14/14
  6895 | D:8      | Found a staircase to the Lair.
  7460 | D:8      | Noticed Jeremiah
  7466 | D:8      | Killed Jeremiah
  7632 | D:8      | Identified the +3 war axe of the Hall of Blades {heavy,
                  | rPois rC+ Dex+2}
  7684 | D:8      | Found a blossoming altar of Fedhas.
  7742 | D:8      | Noticed Maggie
  7759 | D:8      | Killed Maggie
  8143 | D:5      | Killed Sigmund
  8246 | D:9      | Reached XP level 11. HP: 75/75 MP: 16/16
  8548 | D:9      | Learned a level 4 spell: Flame Wave
  8554 | D:9      | Learned a level 5 spell: Fireball
  8598 | D:9      | Reached ***** piety under Lugonu
  8667 | D:9      | Found a glowing golden altar of the Shining One.
  8667 | D:9      | Found a staircase to the Orcish Mines.
  9124 | D:10     | Entered Level 10 of the Dungeon
  9124 | D:10     | Noticed a two-headed ogre
  9295 | D:10     | Reached skill level 1 in Fire Magic
  9397 | D:10     | Killed a two-headed ogre
  9765 | D:10     | Found an iron altar of Okawaru.
 10010 | Lair:1   | Entered Level 1 of the Lair of Beasts
 10140 | Lair:1   | Reached skill level 5 in Conjurations
 11038 | Lair:2   | Noticed a six-headed hydra
 11048 | Lair:2   | Killed a six-headed hydra
 11049 | Lair:2   | Reached XP level 12. HP: 82/82 MP: 19/19
 11113 | Lair:2   | Reached skill level 5 in Spellcasting
 11113 | Lair:2   | Reached skill level 5 in Fire Magic
 11538 | Lair:2   | Noticed a catoblepas
 11549 | Lair:2   | Killed a catoblepas
 11635 | Lair:2   | Reached skill level 5 in Stealth
 12016 | Lair:3   | Found a staircase to the Shoals.
 12065 | Lair:3   | Noticed a four-headed hydra
 12077 | Lair:3   | Killed a four-headed hydra
 12165 | Lair:3   | Noticed a death yak
 12299 | Lair:3   | Found a staircase to the Snake Pit.
 12541 | Lair:3   | Killed a death yak
 12680 | Lair:3   | Reached XP level 13. HP: 88/88 MP: 21/21
 13843 | Lair:4   | Learned a level 6 spell: Plasma Beam
 14302 | Lair:4   | Learned a level 2 spell: Blink
 14513 | Lair:4   | Reached skill level 10 in Fire Magic
 14653 | Lair:4   | Reached skill level 1 in Air Magic
 15215 | Orc:1    | Entered Level 1 of the Orcish Mines
 15416 | Orc:2    | Entered Level 2 of the Orcish Mines
 15427 | Orc:2    | Reached skill level 5 in Air Magic
 15438 | Orc:2    | Reached ****** piety under Lugonu
 15720 | Orc:2    | Found a staircase to the Elven Halls.
 15830 | Orc:2    | Reached XP level 14. HP: 83/94 MP: 10/24
 16216 | Orc:1    | Noticed Snorg
 16226 | Orc:1    | Killed Snorg
 16341 | Orc:1    | Noticed Sonja
 16343 | Orc:1    | Killed Sonja
 16531 | Orc:1    | Found a shimmering blue altar of Sif Muna.
 16921 | Orc:2    | Found Zoebeuh's Weapon Emporium.
 16921 | Orc:2    | Found Gaacerim's Antique Weapon Boutique.
 17013 | Orc:2    | Found Acerach's Armour Emporium.
 17013 | Orc:2    | Found Zijam's Antique Weapon Boutique.
 17865 | Lair:4   | Found a staircase to the Slime Pits.
 18274 | Lair:4   | Found a staircase to the Slime Pits.
 18571 | Lair:5   | Entered Level 5 of the Lair of Beasts
 18801 | Lair:5   | Noticed a dire elephant
 18802 | Lair:5   | Noticed a dire elephant
 20282 | Lair:5   | Gained mutation: Your body sometimes deteriorates upon
                  | taking damage. [a neqoxec]
 20401 | Lair:5   | Killed a dire elephant
 20582 | Lair:5   | Identified the staff "Ileziz" {rElec Dex+3 Air}
 20760 | Lair:5   | Reached skill level 10 in Air Magic
 21715 | D:11     | Found Curaph's Antique Weapon Emporium.
 21949 | D:11     | Reached XP level 15. HP: 49/99 MP: 5/27
 22197 | D:12     | Noticed Nessos
 22202 | D:12     | Killed Nessos
 22688 | D:12     | Reached skill level 5 in Shields
 22763 | D:12     | Learned a level 3 spell: Swiftness
 23475 | D:13     | Noticed a frost giant
 23478 | D:13     | Killed a frost giant
 23823 | D:14     | Found a gate leading to a gauntlet.
 23838 | Gauntlet | Entered a Gauntlet
 23838 | Gauntlet | Found a transporter.
 23838 | Gauntlet | Found a runed translucent door.
 23839 | Gauntlet | Found a runed translucent door.
 23845 | Gauntlet | Found a transporter.
 23847 | Gauntlet | Found a transporter.
 23860 | Gauntlet | Found a transporter.
 23861 | Gauntlet | Found a transporter.
 23866 | Gauntlet | Found a runed translucent gate.
 23866 | Gauntlet | Found a runed translucent gate.
 23866 | Gauntlet | Found a runed translucent gate.
 23868 | Gauntlet | Found a transporter.
 23889 | Gauntlet | Found a transporter.
 23890 | Gauntlet | Found a runed translucent door.
 23900 | Gauntlet | Found a transporter.
 23911 | Gauntlet | Found a transporter.
 23933 | Gauntlet | Found a transporter.
 23946 | Gauntlet | Found a transporter.
 23948 | Gauntlet | Found a transporter.
 23994 | Gauntlet | Found a transporter.
 24005 | Gauntlet | Found a runed translucent door.
 24008 | Gauntlet | Found a transporter.
 24233 | Gauntlet | Identified the amulet of Suiqearch {Regen+ Int+5 Dex+3}
 24364 | Gauntlet | Got Gicuby's Notes on Rallying and Unholy Words
 25399 | D:14     | Found the +27 heavy crossbow "Sniper" {heavy, Acc+∞ SInv}
 25400 | D:14     | Found a gate to the Vaults.
 25840 | D:14     | Found a transporter.
 25876 | D:14     | Found a transporter.
 25888 | D:14     | Found a sacrificial altar of Ru.
 26056 | D:15     | Entered Level 15 of the Dungeon
 26185 | D:15     | Noticed Jorgrun
 26309 | D:15     | Reached XP level 16. HP: 106/106 MP: 5/29
 26463 | D:15     | Killed Jorgrun
 27091 | D:15     | Reached skill level 10 in Invocations
 27234 | D:15     | Reached skill level 10 in Spellcasting
 27823 | D:15     | Found a white marble altar of Elyvilon.
 28650 | D:15     | Found a staircase to the Depths.
 28892 | Shoals:1 | Entered Level 1 of the Shoals
 29435 | Shoals:1 | Found Ypnafi's Self-Improvement Boutique.
 29679 | Shoals:1 | Found Lotryr's Book Boutique.
 30113 | Shoals:2 | Noticed a kraken
 30128 | Shoals:2 | Noticed Polyphemus
 30274 | Shoals:1 | Upgraded the game from 0.31-a0-618-g7ca08c1ff9 to
                  | 0.31-a0-620-gd1cbd99268
 30523 | Shoals:2 | HP: 2/108 [tentacle[a kraken] (14)]
 30523 | Shoals:2 | Mangled by a tentacle

Illustrated notes

Levels and vault maps discovered:
D:1:      roderic_dead_forest, layout_loops_ring, minmay_pentomino_q4
D:2:      layout_loops_ring, serial_bayou, serial_bayou_ford_a,
          serial_bayou_lagoon_a, serial_bayou_crossing, serial_bayou_pond_b,
          shapermc_ecumenical_altar_mp_highgroup, corexii_shack,
          grunt_ministairs_15, chequers_serial_rivers_large_b
D:3:      minmay_diamond_boxcup, layout_basic, chei_slow_surprise, serial_bayou,
          serial_bayou_lake_a, serial_bayou_lagoon_b, serial_bayou_pond_d,
          serial_bayou_shore_a, serial_bayou_pond_a, minivault_5,
          minmay_divided_ellipse, uniq_terence
D:4:      layout_basic, zin_treasury, minmay_misc_feat_chi,
          kennysheep_generic_room_5
D:5:      layout_gridville, enter_ossuary_5, biasface_ghost_orc_armoury,
          minmay_misc_feat_plants, uniq_sigmund, uniq_prince_ribbit1
D:6:      layout_rooms, mainiacjoe_overflow_24_doors,
          cheibrodos_ashenzari_chains
D:7:      layout_basic, minmay_temple_entry_butterflies
D:8:      layout_basic, fedhas_altar_1, erik_lair_orcish_takeover,
          minmay_ruffians, uniq_jeremiah, uniq_maggie
D:9:      layout_cave_pods, lemuel_tele_altar
D:10:     layout_basic, okawaru_altar_gauntlet_db
D:11:     layout_basic, serial_shops, shop, nicolae_eternal_life,
          chequers_serial_rivers_small_a
D:12:     layout_small_grid, nicolae_straight_to_the_point, uniq_nessos
D:13:     layout_rooms, kennysheep_just_a_vault
D:14:     gammafunk_sealed_arena, layout_small_grid,
          skrybe_vaults_entry_preservation, gauntlet_entry_generic,
          nicolae_ru_sacrificial_ziggurat
D:15:     grunt_enter_depths_magical_seal, layout_cave_pods, elyvilon_altar_1,
          st_stairs_2, drop_trap, uniq_jorgrun
Temple:   regret_index_temple_generic_petals
Lair:1:   layout_long_grid, st_stairs_7, minmay_hedge_maze, grunt_megastairs_5
Lair:2:   layout_layer_cave
Lair:3:   layout_hall_layers, minmay_shoals_entry_lonely_mermaid,
          dummy_snake_entry, st_stairs_10, grunt_forest_stairs_clearing,
          lemuel_fruit_tree
Lair:4:   layout_roguey, dpeg_slime_entry_enclosed
Lair:5:   due_jungle_book, layout_regular_city
Shoals:1: layout_shoals, serial_shops, shop, nicolae_shop_self_help
Shoals:2: layout_shoals, portal_ice_cave_entry_frozen_things,
          nicolae_shop_unique_rings, nicolae_shoals_shepherds, uniq_polyphemus
Orc:1:    layout_diamond_mine, kennysheep_orc_sif_temple, uniq_sonja, uniq_snorg
Orc:2:    st_orc_town, layout_caves, basic_altar

Skill      XL: |  1  2  3  4  5  6  7  8  9 10 11 12 13 14 15 16 |
---------------+-------------------------------------------------+-----
Stealth        | 2 3 4 7 |  7.0
Translocations | 1 2 |  2.0
Fighting       | 3 4 5 6 7 8 9 |  9.0
Shields        | 2 3 4 5 |  5.0
Staves         | 2 3 5 6 7 |  7.0
Evocations     | 1 2 3 4 6 7 8 |  8.6
Dodging        | 3 5 6 7 8 |  8.6
Invocations    | 4 6 7 8 9 11 | 11.0
Fire Magic     | 4 8 10 11 12 | 12.3
Spellcasting   | 4 5 7 8 9 10 | 10.4
Conjurations   | 5 8 9 |  9.4
Air Magic      | 6 10 12 | 12.0
Short Blades   | |  3.0

Action                     |  1- 3 |  4- 6 |  7- 9 | 10-12 | 13-15 | 16-18 || total
---------------------------+-------+-------+-------+-------+-------+-------++-------
  Melee: Short sword       |    92 |    83 |       |       |       |       ||   175
         Constrict         |    17 |    51 |    33 |    71 |    53 |     4 ||   229
         Tentacles         |    16 |    46 |    32 |   115 |    89 |     3 ||   301
         Staff             |       |   127 |   158 |   436 |   356 |    14 ||  1091
         Punch             |       |     1 |     5 |     8 |     7 |     1 ||    22
  Throw: Javelin           |     2 |     1 |    12 |     9 |     1 |       ||    25
         Boomerang         |       |       |     1 |     2 |     3 |       ||     6
         Dart              |       |       |       |    12 |       |       ||    12
   Cast: Momentum Strike   |       |       |     3 |     1 |     3 |       ||     7
         Flame Wave        |       |       |       |     7 |    29 |       ||    36
         Fireball          |       |       |       |     1 |   216 |       ||   217
         Plasma Beam       |       |       |       |       |    90 |    89 ||   179
 Invoke: Banish            |       |       |     1 |       |       |       ||     1
  Evoke: Wand              |       |       |     1 |    15 |     7 |       ||    23
    Use: Scroll            |       |     5 |     4 |     5 |    11 |     3 ||    28
         Potion            |       |     3 |       |     5 |     2 |     3 ||    13
   Stab: Sleeping          |    11 |    18 |     5 |     9 |       |       ||    43
         Distracted        |       |       |       |     3 |     3 |       ||     6
 Armour: Skin              |     8 |   150 |    22 |    57 |    77 |     6 ||   320
  Dodge: Dodged            |    57 |   102 |    52 |   194 |   194 |    24 ||   623
  Block: Buckler           |       |    84 |    50 |   122 |   131 |    23 ||   410

Table legend: (Time is in decaauts)
 A = Elapsed time spent in this place.
 B = Non-inter-level travel time spent in this place.
 C = Inter-level travel time spent in this place.
 D = Time resting spent in this place.
 E = Time spent auto-exploring this place.
 F = Levels seen in this place.
 G = Mean time per level.
                   A        B        C        D        E       F      G
               +--------+--------+--------+--------+--------+-----+--------+
         Total |  30478 |  28636 |   1842 |   2293 |  20768 |  27 | 1128.8 |
       Dungeon |  16672 |  15626 |   1046 |   1069 |  11747 |  15 | 1111.5 |
        Temple |      1 |      1 |      0 |      0 |      0 |   1 |    1.0 |
          Lair |   9362 |   8894 |    468 |    715 |   6553 |   5 | 1872.4 |
        Shoals |   1247 |   1082 |    165 |    207 |    703 |   2 |  623.5 |
  Orcish Mines |   2219 |   2058 |    161 |    218 |   1361 |   2 | 1109.5 |
       Ossuary |    443 |    443 |      0 |      0 |    132 |   1 |  443.0 |
      Gauntlet |    532 |    532 |      0 |     84 |    272 |   1 |  532.0 |
               +--------+--------+--------+--------+--------+-----+--------+

Top non-repeatable levels by time:
  Lair:4: 2557 daAuts
  Lair:5: 2368 daAuts
    D:14: 2222 daAuts
    D:15: 2173 daAuts
  Lair:3: 2149 daAuts
     D:3: 1421 daAuts
     D:8: 1307 daAuts
  Lair:2: 1305 daAuts
   Orc:1: 1200 daAuts
     D:7: 1178 daAuts
Shoals:1: 1172 daAuts
     D:9: 1133 daAuts
    D:12: 1050 daAuts
   Orc:2: 1019 daAuts
  Lair:1: 982 daAuts
